 Dungeon Crawl Stone Soup version 0.23-a0-650-ga4d50d4 (webtiles) character file.

154 zishaf the Sneak (level 5, 0/42 HPs)
             Began as a Vine Stalker Assassin on Jan 3, 2019.
             Succumbed to a worker ant's poison
             ... on level 2 of the Dungeon.
             The game lasted 00:03:57 (1539 turns).

zishaf the Sneak (Vine Stalker Assassin)            Turns: 1539, Time: 00:03:57

Health: 0/42       AC: 22    Str: 12 (14) XL:     5   Next: 36%
Magic:  2/6        EV:  2    Int:  8 (11) God:
Gold:   96         SH:  0    Dex: 15 (16) Spells: 4/4 levels left

rFire    . . .     SeeInvis .   a - +2 dagger
rCold    . . .     Gourm    .   (no shield)
rNeg     + + +     Faith    .   (armour currently unavailable)
rPois    +         Spirit   +   (helmet currently unavailable)
rElec    .         Reflect  .   (cloak currently unavailable)
rCorr    .         Harm     .   (gloves currently unavailable)
MR       .....     NoTele   +   (boots currently unavailable)
Stlth    +++.......             (no amulet)
HPRegen  0.54/turn              (no ring)
MPRegen  0.10/turn              (no ring)

@: lethally poisoned (0 -> -12), tree-form
A: regeneration 1, magic shield, no potion heal 3, rot immunity
a: no special abilities


You were on level 2 of the Dungeon.
You were not hungry.
You were a tree.
You visited 1 branch of the dungeon, and saw 2 of its levels.

You collected 96 gold pieces.

Inventory:

Hand Weapons
 a - a +2 dagger (weapon)
 b - a +0 hunting sling
 w - a +0 blowgun
Missiles
 e - 8 poisoned needles
 f - 2 curare-tipped needles
 i - 132 stones (quivered)
 j - 67 sling bullets
Armour
 c - a +0 robe (melded)
 d - a +0 cloak (melded)
 r - a +0 helmet (melded)
Scrolls
 k - 5 scrolls of identify {unknown}
 o - a scroll of remove curse {unknown}
Potions
 l - 2 potions of degeneration
 n - a potion of mutation {unknown}
 p - a potion of berserk rage {unknown}
 q - a potion of agility {unknown}
Comestibles
 g - a ration
 h - 10 chunks of flesh


   Skills:
 + Level 3.0 Fighting
 * Level 4.0 Short Blades
 - Level 2.0 Throwing
 - Level 1.0 Dodging
 - Level 5.0 Stealth


You had 4 spell levels left.
You didn't know any spells.
Your spell library was empty.

Dungeon Overview and Level Annotations

Branches:
Dungeon (2/15)

Altars:
Makhleb
Okawaru
Sif Muna


Innate Abilities, Weirdness & Mutations

((You have extremely sharp teeth.))
Your natural rate of healing is unusually fast.
When hurt, damage is shared between your health and your magic reserves.
((Your bite disrupts and absorbs the magic of your enemies.))
Potions cannot restore your health.
You are immune to rotting.


Message History

Your +0 cloak melds into your body.
Your +0 helmet melds into your body.
Your +0 robe melds into your body.
Your roots penetrate the ground.
* * * LOW HITPOINT WARNING * * *
You feel sick.
The worker ant bites you but does no damage.
You hit the worker ant.
The worker ant is moderately wounded.
* * * LOW HITPOINT WARNING * * *
You feel sick.
The worker ant bites you but does no damage.
You barely miss the worker ant.
The worker ant is moderately wounded.
* * * LOW HITPOINT WARNING * * *
You feel sick. The worker ant bites you.
* * * LOW HITPOINT WARNING * * *
You are more poisoned.
The worker ant poisons you!
You hit the worker ant.
The worker ant is heavily wounded.
You die...

#.#....###.##.#
#.......
#......_......#.#
#.......
#..###....#.#...#
#....... #.
##...#.###.#
#....... #.
#.###.# #.#
########
#..####.....# #.#
#
#.......#######.##
#
#.#.....##....)..#
#
#.......a♣.......#
#
####..[.##.......#
###
#######.......#
#.. #.......# #..
#.......# #..
#.......# #..
#.......# #..
#.......# #..
######### #..


You could see a worker ant.

Vanquished Creatures
  A hound (D:2)
  Terence (D:2)
  Robin (D:2)
  3 gnolls (D:2)
  An adder zombie (D:2)
  A worm (D:2)
  A leopard gecko (D:1)
  A ball python (D:2)
  A giant cockroach (D:1)
  12 goblins
  9 hobgoblins
  3 jackals (D:2)
  5 kobolds
  A ball python skeleton (D:2)
  2 bats (D:1)
  3 frilled lizards
  4 rats
50 creatures vanquished.

Notes
Turn   | Place    | Note
-------+----------+-------------------------------------------
     0 | D:1      | zishaf the Vine Stalker Assassin began the quest for the
                  | Orb.
     0 | D:1      | Reached XP level 1. HP: 11/11 MP: 2/2
   385 | D:1      | Reached XP level 2. HP: 14/15 MP: 1/3
   452 | D:1      | Reached skill level 1 in Dodging
   496 | D:1      | Reached skill level 5 in Stealth
   813 | D:2      | Reached XP level 3. HP: 16/18 MP: 4/4
   901 | D:2      | Found a burning altar of Makhleb.
   914 | D:2      | Gained mutation: Your natural rate of healing is unusually
                  | fast. [Vine Stalker growth]
   914 | D:2      | Reached XP level 4. HP: 14/23 MP: 2/5
  1087 | D:2      | Noticed Robin
  1128 | D:2      | Killed Robin
  1143 | D:2      | Reached XP level 5. HP: 19/27 MP: 4/6
  1209 | D:2      | Found an iron altar of Okawaru.
  1345 | D:2      | Noticed Terence
  1370 | D:2      | Killed Terence
  1488 | D:2      | Found a deep blue altar of Sif Muna.
  1538 | D:2      | HP: 2/42 [poisoned by a worker ant]
  1539 | D:2      | Succumbed to a worker ant's poison

Vault maps used:
D:1:      tarquinn_simple_flora_water_c
D:2:      makhleb_heckhound_becter, nicolae_overflow_crystal_walls,
          serial_undead, serial_undead_d, serial_undead_f, serial_undead_b,
          serial_undead_d, okawaru_trees_2, uniq_terence, uniq_robin

Skill      XL: |  1  2  3  4  5 |
---------------+----------------+-----
Short Blades   | 2 3 4 |  4.0
Dodging        | 1 |  1.0
Throwing       | 2 |  2.0
Fighting       | 2 3 |  3.0
Stealth        | 5 |  5.0

Action                   |  1- 3 |  4- 6 || total
-------------------------+-------+-------++-------
Melee: Dagger            |    58 |   108 ||   166
       Bite              |    10 |    33 ||    43
  Use: Potion            |       |     2 ||     2
 Stab: Sleeping          |     5 |     4 ||     9
       Distracted        |     2 |     1 ||     3
  Eat: Chunk             |       |     2 ||     2
Armor: Robe              |     8 |    17 ||    25
       Skin              |       |     2 ||     2
Dodge: Dodged            |    27 |    51 ||    78

Table legend:
 A = Non-vault XP
 B = Vault XP
 C = Vault XP percentage of total XP
 D = Non-vault monster count
 E = Vault monster count
 F = Vault count percentage of total count
                 A         B        C        D         E       F
            +---------+---------+-------+---------+---------+-------
      Total |      98 |     123 |  55.7 |      34 |      16 |  32.0
            +---------+---------+-------+---------+---------+-------
        D:1 |      27 |       0 |   0.0 |      15 |       0 |   0.0
        D:2 |      71 |     123 |  63.4 |      19 |      16 |  45.7
            +---------+---------+-------+---------+---------+-------
